Icehogs vs Condors
Created - February 13, 2025 at 19:19
Goals
|
| Icehogs |
0 |
0 |
1 |
1 |
| Condors |
0 |
4 |
4 |
8 |
|
Shots
|
| Icehogs |
8 |
9 |
8 |
25 |
| Condors |
5 |
6 |
20 |
31 |
|
1st period
No Goal
Penalties :
Nikita Okhotyuk (Roc) for Delaying the game (Minor) at 16:21
2nd period
1. Condors , Martin Frk 19 (Nick Shore 38) at 3:34
2. Condors , Tyson Jost 16 (Logan Stanley 6) at 3:54
3. Condors , Adam Erne 27 (Tyson Jost 31, Yegor Sharangovich 15) at 14:31
4. Condors , Adam Erne 28 (Logan Stanley 7, Martin Frk 25) at 16:24 (PP)
Penalties :
Jeremy Davies (Roc) for Tripping (Minor) at 16:11, Adam Erne (Bak) for Hooking (Minor) at 16:47
3rd period
5. Icehogs , Dillon Dube 21 (Trevor Zegras 28, Hudson Fasching 36) at 1:50
6. Condors , Martin Frk 20 (Adam Erne 35, Nick Shore 39) at 2:51 (PP)
7. Condors , Jordan Spence 2 (Adam Erne 36) at 6:40
8. Condors , Taro Hirose 12 (Cody Glass 17, Connor Hurley 10) at 12:43
9. Condors , Adam Erne 29 (Jordan Subban 6, Nick Shore 40) at 14:25 (PP)
Penalties :
Mikhail Grigorenko (Roc) for Tripping (Minor) at 2:18, Patrick Sieloff (Roc) for Tripping (Minor) at 2:41, Trevor Zegras (Roc) for Roughing (Minor) at 12:57
Goalie Stats
Mackenzie Blackwood (Roc), 7 saves from 11 shots - (0.636), L, 20-12-2, 36:24 minutes
Oscar Dansk (Roc), 16 saves from 20 shots - (0.800), 23:36 minutes
Stuart Skinner (Bak), 24 saves from 25 shots - (0.960), W, 16-14-1, 60:00 minutes
Players Stats for Icehogs
Player Name G A P +/- PIM S H SB GA TA FO MP PP MP PK MP
------------------------------------------------------------------------------------
Andrew Poturalski 0 0 0 -2 0 1 1 1 0 0 6/14 17:10 1:02 1:12
Ben Johnson 0 0 0 0 0 5 0 0 2 0 1/5 15:45 0:00 0:53
Clark Bishop 0 0 0 0 0 0 0 0 0 0 0/0 1:08 0:00 0:03
Declan Chisholm 0 0 0 -2 0 0 0 1 0 2 0/0 15:46 0:00 0:43
Dillon Dube 1 0 1 -1 0 4 2 0 0 2 13/30 19:56 0:57 3:33
Gabriel Fortier 0 0 0 -1 0 0 1 0 0 0 0/0 8:06 0:00 0:00
Hudson Fasching 0 1 1 -2 0 3 2 0 0 1 0/0 20:45 0:57 0:00
Jeremy Davies 0 0 0 -1 2 1 0 1 0 0 0/0 18:46 0:54 1:50
JJ. Piccinich 0 0 0 -2 0 0 0 0 1 1 1/1 15:37 1:02 0:00
Julius Honka 0 0 0 -1 0 2 1 1 0 0 0/0 26:13 1:05 4:12
Maxim Letunov 0 0 0 -1 0 0 0 0 0 0 0/3 8:19 0:00 0:00
Mikhail Grigorenko 0 0 0 -2 2 1 3 0 1 0 0/0 19:13 0:57 3:09
Mitchell Chaffee 0 0 0 0 0 1 1 0 1 0 0/0 14:11 0:00 0:00
Nikita Okhotyuk 0 0 0 -2 2 0 0 0 0 0 0/0 15:05 0:00 0:00
Patrick Sieloff 0 0 0 -1 2 1 0 0 0 1 0/0 24:47 1:05 2:37
Ross Johnston 0 0 0 0 0 1 1 0 0 0 0/1 14:29 0:00 1:10
Trevor Zegras 0 1 1 -1 2 5 2 0 1 0 0/1 18:44 1:02 1:54
Zach Whitecloud 0 0 0 -1 0 0 1 0 0 0 0/0 19:43 0:54 2:41
Players Stats for Condors
Player Name G A P +/- PIM S H SB GA TA FO MP PP MP PK MP
------------------------------------------------------------------------------------
Adam Erne 3 2 5 3 2 7 2 1 3 0 1/1 22:36 3:25 0:00
Alexander Alexeyev 0 0 0 0 0 1 2 0 0 2 0/0 19:10 2:39 1:03
Cody Glass 0 1 1 1 0 4 4 0 1 0 0/0 14:44 0:00 0:00
Connor Hurley 0 1 1 1 0 0 1 0 0 0 5/6 14:24 0:00 0:00
Evan Bouchard 0 0 0 3 0 1 2 1 0 0 0/0 27:01 3:23 0:56
Jordan Spence 1 0 1 1 0 3 1 0 0 1 0/0 13:49 0:00 0:00
Jordan Subban 0 1 1 0 0 0 1 0 0 0 0/0 19:10 2:39 1:03
Klim Kostin 0 0 0 0 0 1 1 1 0 1 0/0 19:02 2:37 0:51
Logan Stanley 0 2 2 3 0 0 1 0 0 1 0/0 27:01 3:23 0:56
Martin Frk 2 1 3 0 0 2 2 0 1 0 1/1 18:23 3:25 0:00
Nick Shore 0 3 3 0 0 4 1 0 0 1 15/22 19:27 3:25 1:01
Nikolai Knyzhov 0 0 0 1 0 0 1 1 0 0 0/0 13:49 0:00 0:00
Pontus Holmberg 0 0 0 0 0 0 0 0 0 0 0/0 6:37 0:00 0:00
Raphael Lavoie 0 0 0 0 0 0 0 0 0 0 0/0 0:00 0:00 0:00
Ryan McLeod 0 0 0 0 0 0 2 0 0 0 2/2 7:13 0:00 0:38
Taro Hirose 1 0 1 1 0 4 0 0 1 0 0/0 15:29 0:00 0:39
Tyson Jost 1 1 2 3 0 3 1 2 1 0 10/23 19:14 2:37 0:00
Yegor Sharangovich 0 1 1 3 0 1 3 1 0 0 0/0 20:51 2:37 0:49
3 Stars
1 - Adam Erne (Bak)
2 - Martin Frk (Bak)
3 - Tyson Jost (Bak)
Power Play
Icehogs - 0 on 1 Attempt(s) - 0.00%
Condors - 3 on 5 Attempt(s) - 60.00%
Penalty Kill
Icehogs - 2 on 5 Attempt(s) - 40.00%
- Score 0 goal in Penalty Kill
Condors - 1 on 1 Attempt(s) - 100.00%
- Score 0 goal in Penalty Kill
Team Stat
Icehogs - Hits : 15 - Faceoff Wins : 21 - Blocked Shots : 4 - Penalty Minutes : 10
Condors - Hits : 25 - Faceoff Wins : 34 - Blocked Shots : 7 - Penalty Minutes : 2
Official
Referees : Justin St. Pierre and Francois St. Laurent
Linesman : Julien Fournier and Travis Gawryletz
Game Notes
Oscar Dansk enters game at 16:24 of 2nd period
Adam Erne has scored a Hat Trick!
Finance
Level 1 -- Attendance: 2000 (100.00%) -- Ticket Income $140,000
Level 2 -- Attendance: 890 (89.00%) -- Ticket Income $35,600
Total Attendance: 2890 (96.33%)
Total Ticket Income: $175,600
Other Income: $8,780
Total Income: $184,380
Icehogs
5 vs 5 Forward
Center Left Wing Right Wing Time % Phy DF OF
1 Dillon Dube Trevor Zegras Hudson Fasching 40 1 2 2
2 Andrew Poturalski Mikhail Grigorenko JJ. Piccinich 30 1 2 2
3 Ben Johnson Ross Johnston Mitchell Chaffee 20 1 2 2
4 Maxim Letunov Gabriel Fortier Hudson Fasching 10 1 2 2
5 vs 5 Defense
Defense Defense Time % Phy DF OF
1 Patrick Sieloff Julius Honka 40 1 2 2
2 Jeremy Davies Zach Whitecloud 30 1 2 2
3 Declan Chisholm Nikita Okhotyuk 20 1 2 2
4 Patrick Sieloff Julius Honka 10 1 2 2
PowerPlay Forward
Center Left Wing Right Wing Time % Phy DF OF
1 Dillon Dube Mikhail Grigorenko Hudson Fasching 60 1 2 2
2 Andrew Poturalski Trevor Zegras JJ. Piccinich 40 1 2 2
PowerPlay Defense
Defense Defense Time % Phy DF OF
1 Patrick Sieloff Julius Honka 60 1 2 2
2 Jeremy Davies Zach Whitecloud 40 1 2 2
Penalty Kill 4 Players Forward
Center Wing Time % Phy DF OF
1 Dillon Dube Mikhail Grigorenko 60 1 2 2
2 Andrew Poturalski Trevor Zegras 40 1 2 2
Penalty Kill 4 Players Defense
Defense Defense Time % Phy DF OF
1 Patrick Sieloff Julius Honka 60 1 2 2
2 Jeremy Davies Zach Whitecloud 40 1 2 2
Penalty Kill - 3 Players Forward
Forward Time % Phy DF OF
1 Dillon Dube 60 1 2 2
2 Andrew Poturalski 40 1 2 2
Penalty Kill - 3 Players Defense
Defense Defense Time % Phy DF OF
1 Patrick Sieloff Julius Honka 60 1 2 2
2 Jeremy Davies Zach Whitecloud 40 1 2 2
4 vs 4 Forward
Center Wing Time % Phy DF OF
1 Dillon Dube Mikhail Grigorenko 60 1 2 2
2 Andrew Poturalski Trevor Zegras 40 1 2 2
4 vs 4 Defense
Defense Defense Time % Phy DF OF
1 Patrick Sieloff Julius Honka 60 1 2 2
2 Jeremy Davies Zach Whitecloud 40 1 2 2
Last Minutes Offensive
Center Left Wing Right Wing Defense Defense
Dillon Dube Mikhail Grigorenko Hudson Fasching Patrick Sieloff Julius Honka
Last Minutes Defensive
Center Left Wing Right Wing Defense Defense
Dillon Dube Mikhail Grigorenko Hudson Fasching Patrick Sieloff Julius Honka
Goaltenders
Starting : Mackenzie Blackwood
Backup : Oscar Dansk
Extra Forwards
Normal : Trevor Zegras, Ben Johnson, Maxim Letunov - PP : Trevor Zegras, Ben Johnson - PK : Trevor Zegras
Extra Defensemen
Normal : Zach Whitecloud, Declan Chisholm, Nikita Okhotyuk - PP : Zach Whitecloud - PK : Zach Whitecloud, Declan Chisholm
Penalty Shots
Mikhail Grigorenko, Hudson Fasching, Dillon Dube, Andrew Poturalski, Trevor Zegras
Custom OT Lines Forwards
Mikhail Grigorenko, Hudson Fasching, Dillon Dube, Andrew Poturalski, Trevor Zegras, Ben Johnson, Maxim Letunov, Ross Johnston, Clark Bishop, JJ. Piccinich
Custom OT Lines Defensemen
Patrick Sieloff, Julius Honka, Jeremy Davies, Zach Whitecloud, Declan Chisholm
Scratches
Calle Andersson (Abdomen/Ribs Injury), Kristian Reichel (Healthy), Nikita Scherbak (Left Forearm Injury), Jackson Cates (Healthy), Antoine Morand (Healthy)
Egor Afanasyev (Healthy), Petr Kvaca (Healthy)
Condors
5 vs 5 Forward
Center Left Wing Right Wing Time % Phy DF OF
1 Tyson Jost Adam Erne Yegor Sharangovich 40 1 2 2
2 Nick Shore Klim Kostin Martin Frk 30 1 2 2
3 Connor Hurley Taro Hirose Cody Glass 20 1 2 2
4 Ryan McLeod Adam Erne Pontus Holmberg 10 1 2 2
5 vs 5 Defense
Defense Defense Time % Phy DF OF
1 Logan Stanley Evan Bouchard 40 1 2 2
2 Alexander Alexeyev Jordan Subban 30 1 2 2
3 Nikolai Knyzhov Jordan Spence 20 1 2 2
4 Logan Stanley Evan Bouchard 10 1 2 2
PowerPlay Forward
Center Left Wing Right Wing Time % Phy DF OF
1 Nick Shore Adam Erne Martin Frk 60 1 2 2
2 Tyson Jost Klim Kostin Yegor Sharangovich 40 1 2 2
PowerPlay Defense
Defense Defense Time % Phy DF OF
1 Logan Stanley Evan Bouchard 60 1 2 2
2 Alexander Alexeyev Jordan Subban 40 1 2 2
Penalty Kill 4 Players Forward
Center Wing Time % Phy DF OF
1 Nick Shore Adam Erne 60 1 2 2
2 Tyson Jost Klim Kostin 40 1 2 2
Penalty Kill 4 Players Defense
Defense Defense Time % Phy DF OF
1 Logan Stanley Evan Bouchard 60 1 2 2
2 Alexander Alexeyev Jordan Subban 40 1 2 2
Penalty Kill - 3 Players Forward
Forward Time % Phy DF OF
1 Nick Shore 60 1 2 2
2 Tyson Jost 40 1 2 2
Penalty Kill - 3 Players Defense
Defense Defense Time % Phy DF OF
1 Logan Stanley Evan Bouchard 60 1 2 2
2 Alexander Alexeyev Jordan Subban 40 1 2 2
4 vs 4 Forward
Center Wing Time % Phy DF OF
1 Nick Shore Adam Erne 60 1 2 2
2 Tyson Jost Klim Kostin 40 1 2 2
4 vs 4 Defense
Defense Defense Time % Phy DF OF
1 Logan Stanley Evan Bouchard 60 1 2 2
2 Alexander Alexeyev Jordan Subban 40 1 2 2
Last Minutes Offensive
Center Left Wing Right Wing Defense Defense
Nick Shore Adam Erne Martin Frk Logan Stanley Evan Bouchard
Last Minutes Defensive
Center Left Wing Right Wing Defense Defense
Nick Shore Adam Erne Martin Frk Logan Stanley Evan Bouchard
Goaltenders
Starting : Stuart Skinner
Backup : Jaxson Stauber
Extra Forwards
Normal : Yegor Sharangovich, Klim Kostin, Taro Hirose - PP : Yegor Sharangovich, Klim Kostin - PK : Yegor Sharangovich
Extra Defensemen
Normal : Jordan Subban, Nikolai Knyzhov, Jordan Spence - PP : Jordan Subban - PK : Jordan Subban, Nikolai Knyzhov
Penalty Shots
Adam Erne, Martin Frk, Nick Shore, Tyson Jost, Yegor Sharangovich
Custom OT Lines Forwards
Adam Erne, Martin Frk, Nick Shore, Tyson Jost, Yegor Sharangovich, Klim Kostin, Taro Hirose, Cody Glass, Connor Hurley, Pontus Holmberg
Custom OT Lines Defensemen
Logan Stanley, Evan Bouchard, Alexander Alexeyev, Jordan Subban, Nikolai Knyzhov
Scratches
Cole Cassels (Healthy), Colin White (Healthy), Semyon Der-Arguchintsev (Healthy), Gustav Olofsson (Right Hand Injury), Jeremy Gregoire (Healthy)
Robin Salo (Healthy), Filip Kral (Healthy), Brayden Pachal (Healthy), Remi Elie (Healthy), Filip Johansson (Healthy)
Lucas Johansen (Healthy), Cole Fonstad (Healthy), Jack Perbix (Healthy), Filip Cederqvist (Healthy), Michael Dipietro (Healthy)
% Time on Ice - Icehogs
Lines # - Real PCT - Wanted PCT - Time Play
Normal Forward
1 - 30% - 40% - 15:49
2 - 29% - 30% - 14:56
3 - 25% - 20% - 13:08
4 - 16% - 10% - 8:06
Normal Defense
1 - 39% - 40% - 20:08
2 - 31% - 30% - 15:57
3 - 26% - 20% - 13:21
4 - 5% - 10% - 2:33
PP Forward
1 - 48% - 60% - 0:57
2 - 52% - 40% - 1:02
PP Defense
1 - 55% - 60% - 1:05
2 - 45% - 40% - 0:54
PK Forward
1 - 80% - 60% - 4:40
2 - 20% - 40% - 1:12
PK Defense
1 - 69% - 60% - 4:02
2 - 31% - 40% - 1:50
PK3 Forward
1 - 100% - 60% - 0:10
2 - 0% - 40% - 0:00
PK3 Defense
1 - 100% - 60% - 0:10
2 - 0% - 40% - 0:00
44 Forward
1 - 0% - 60%
2 - 0% - 40%
44 Defense
1 - 0% - 60%
2 - 0% - 40%
Last Minute Offensive - 0:00
Last Minute Defensive - 0:00
Total
Forward - 60:00
Defense - 60:00
|
% Time on Ice - Condors
Lines # - Real PCT - Wanted PCT - Time Play
Normal Forward
1 - 32% - 40% - 16:46
2 - 29% - 30% - 14:58
3 - 27% - 20% - 14:10
4 - 12% - 10% - 6:05
Normal Defense
1 - 39% - 40% - 20:27
2 - 30% - 30% - 15:28
3 - 27% - 20% - 13:49
4 - 4% - 10% - 2:15
PP Forward
1 - 57% - 60% - 3:25
2 - 43% - 40% - 2:37
PP Defense
1 - 56% - 60% - 3:23
2 - 44% - 40% - 2:39
PK Forward
1 - 100% - 60% - 1:59
2 - 0% - 40% - 0:00
PK Defense
1 - 47% - 60% - 0:56
2 - 53% - 40% - 1:03
PK3 Forward
1 - 0% - 60%
2 - 0% - 40%
PK3 Defense
1 - 0% - 60%
2 - 0% - 40%
44 Forward
1 - 0% - 60%
2 - 0% - 40%
44 Defense
1 - 0% - 60%
2 - 0% - 40%
Last Minute Offensive - 0:00
Last Minute Defensive - 0:00
Total
Forward - 60:00
Defense - 60:00
|
Play-by-Play
1st period
0:01 of 1st period - Tyson Jost wins face-off versus Dillon Dube in neutral zone.
0:04 of 1st period - Snap shot by Hudson Fasching.
0:04 of 1st period - Stopped by Stuart Skinner without a rebound.
0:05 of 1st period - Dillon Dube wins face-off versus Tyson Jost in Condors zone.
0:06 of 1st period - Wrist shot by Hudson Fasching.
0:06 of 1st period - Stopped by Stuart Skinner with a rebound.
0:08 of 1st period - Slapshot by Julius Honka.
0:08 of 1st period - Stopped by Stuart Skinner with a rebound.
0:16 of 1st period - Wrist shot by Trevor Zegras.
0:16 of 1st period - Stopped by Stuart Skinner with a rebound.
0:34 of 1st period - Snap shot by Ben Johnson.
0:34 of 1st period - Stopped by Stuart Skinner without a rebound.
0:35 of 1st period - Nick Shore wins face-off versus Ben Johnson in Condors zone.
0:35 of 1st period - Nick Shore is hit by Ross Johnston.
0:53 of 1st period - Slapshot by Jeremy Davies.
0:53 of 1st period - Shot Misses the Net.
1:39 of 1st period - Snap shot by Ben Johnson.
1:39 of 1st period - Stopped by Stuart Skinner without a rebound.
1:40 of 1st period - Andrew Poturalski wins face-off versus Connor Hurley in Condors zone.
3:12 of 1st period - Wrist shot by Taro Hirose.
3:12 of 1st period - Stopped by Mackenzie Blackwood with a rebound.
3:51 of 1st period - Slapshot by Cody Glass.
3:51 of 1st period - Stopped by Mackenzie Blackwood with a rebound.
4:12 of 1st period - Off-side.
4:13 of 1st period - Andrew Poturalski wins face-off versus Tyson Jost in neutral zone.
4:41 of 1st period - Backhand shot by Klim Kostin.
4:41 of 1st period - Stopped by Mackenzie Blackwood without a rebound.
4:42 of 1st period - Ben Johnson wins face-off versus Nick Shore in Icehogs zone.
5:53 of 1st period - Slapshot by Dillon Dube.
5:53 of 1st period - Stopped by Stuart Skinner with a rebound.
9:46 of 1st period - Hudson Fasching is hit by Klim Kostin and loses puck.
11:25 of 1st period - Icing by Logan Stanley.
11:26 of 1st period - Ryan McLeod wins face-off versus Andrew Poturalski in Condors zone.
11:51 of 1st period - Taro Hirose is hit by Mikhail Grigorenko.
12:26 of 1st period - Jordan Subban is hit by Andrew Poturalski and loses puck.
15:21 of 1st period - Slapshot by Connor Hurley.
15:21 of 1st period - Shot Misses the Net.
15:23 of 1st period - Slapshot by Alexander Alexeyev.
15:23 of 1st period - Stopped by Mackenzie Blackwood without a rebound.
15:24 of 1st period - Connor Hurley wins face-off versus Ross Johnston in Icehogs zone.
15:49 of 1st period - Patrick Sieloff is hit by Evan Bouchard and loses puck.
16:04 of 1st period - Wrist shot by Andrew Poturalski.
16:04 of 1st period - Deflect By Yegor Sharangovich.
16:04 of 1st period - Shot Blocked by Evan Bouchard.
16:04 of 1st period - Puck is out of play.
16:05 of 1st period - JJ. Piccinich wins face-off versus Nick Shore in Condors zone.
16:06 of 1st period - Snap shot by Mikhail Grigorenko.
16:06 of 1st period - Shot Misses the Net.
16:21 of 1st period - Minor Penalty to Nikita Okhotyuk for Delaying the game.
16:22 of 1st period - Nick Shore wins face-off versus Dillon Dube in Icehogs zone.
18:21 of 1st period - Penalty to Nikita Okhotyuk is over, Nikita Okhotyuk is back on ice.
18:30 of 1st period - Slapshot by Cody Glass.
18:30 of 1st period - Stopped by Mackenzie Blackwood without a rebound.
18:31 of 1st period - Connor Hurley wins face-off versus Maxim Letunov in Icehogs zone.
18:34 of 1st period - Wrist shot by Cody Glass.
18:34 of 1st period - Shot Misses the Net.
18:36 of 1st period - Snap shot by Connor Hurley.
18:36 of 1st period - Shot Blocked by Declan Chisholm.
19:40 of 1st period - Snap shot by Ben Johnson.
19:40 of 1st period - Stopped by Stuart Skinner with a rebound.
19:42 of 1st period - Slapshot by Ross Johnston.
19:42 of 1st period - Shot Misses the Net.
19:53 of 1st period - Off-side.
19:54 of 1st period - Tyson Jost wins face-off versus Dillon Dube in neutral zone.
Goals for this period are 0 for Icehogs vs 0 for Condors.
Shots for this period are 8 for Icehogs vs 5 for Condors.
2nd period
0:01 of 2nd period - Dillon Dube wins face-off versus Tyson Jost in neutral zone.
0:34 of 2nd period - Slapshot by Julius Honka.
0:34 of 2nd period - Deflect By Mikhail Grigorenko.
0:34 of 2nd period - Stopped by Stuart Skinner with a rebound.
0:36 of 2nd period - Wrist shot by JJ. Piccinich.
0:36 of 2nd period - Deflect By Mikhail Grigorenko.
0:36 of 2nd period - Shot Misses the Net.
0:36 of 2nd period - Puck is out of play.
0:37 of 2nd period - Nick Shore wins face-off versus Andrew Poturalski in Condors zone.
1:22 of 2nd period - Ben Johnson is hit by Cody Glass.
1:37 of 2nd period - Off-side.
1:38 of 2nd period - Andrew Poturalski wins face-off versus Nick Shore in neutral zone.
1:48 of 2nd period - Andrew Poturalski is hit by Martin Frk and loses puck.
2:46 of 2nd period - Wrist shot by Ben Johnson.
2:46 of 2nd period - Stopped by Stuart Skinner with a rebound.
2:48 of 2nd period - Snap shot by Jeremy Davies.
2:48 of 2nd period - Stopped by Stuart Skinner with a rebound.
2:50 of 2nd period - Slapshot by Zach Whitecloud.
2:50 of 2nd period - Deflect By Ross Johnston.
2:50 of 2nd period - Shot Misses the Net.
2:50 of 2nd period - Puck is out of play.
2:51 of 2nd period - Dillon Dube wins face-off versus Tyson Jost in Condors zone.
2:58 of 2nd period - Nikolai Knyzhov is hit by Trevor Zegras and loses puck.
3:24 of 2nd period - Wrist shot by Ross Johnston.
3:24 of 2nd period - Deflect By Ben Johnson.
3:24 of 2nd period - Shot Blocked by Klim Kostin.
3:24 of 2nd period - Puck is out of play.
3:25 of 2nd period - Nick Shore wins face-off versus Dillon Dube in Condors zone.
3:34 of 2nd period - Snap shot by Martin Frk.
3:34 of 2nd period - Goal by Martin Frk - Icehogs : 0 - Condors : 1.
3:35 of 2nd period - Tyson Jost wins face-off versus Dillon Dube in neutral zone.
3:46 of 2nd period - Snap shot by Trevor Zegras.
3:46 of 2nd period - Deflect By Adam Erne.
3:46 of 2nd period - Shot Misses the Net.
3:46 of 2nd period - Puck is out of play.
3:47 of 2nd period - Dillon Dube wins face-off versus Tyson Jost in Condors zone.
3:54 of 2nd period - Slapshot by Tyson Jost.
3:54 of 2nd period - Goal by Tyson Jost - Icehogs : 0 - Condors : 2.
3:55 of 2nd period - Adam Erne wins face-off versus Dillon Dube in neutral zone.
4:03 of 2nd period - Off-side.
4:04 of 2nd period - Dillon Dube wins face-off versus Tyson Jost in neutral zone.
4:17 of 2nd period - Snap shot by Adam Erne.
4:17 of 2nd period - Shot Misses the Net.
4:31 of 2nd period - Wrist shot by Dillon Dube.
4:31 of 2nd period - Shot Blocked by Adam Erne.
4:33 of 2nd period - Snap shot by Trevor Zegras.
4:33 of 2nd period - Stopped by Stuart Skinner with a rebound.
4:35 of 2nd period - Slapshot by Dillon Dube.
4:35 of 2nd period - Shot Blocked by Yegor Sharangovich.
4:37 of 2nd period - Slapshot by Julius Honka.
4:37 of 2nd period - Stopped by Stuart Skinner with a rebound.
5:23 of 2nd period - Snap shot by Trevor Zegras.
5:23 of 2nd period - Stopped by Stuart Skinner with a rebound.
5:43 of 2nd period - Snap shot by Adam Erne.
5:43 of 2nd period - Stopped by Mackenzie Blackwood without a rebound.
5:44 of 2nd period - Nick Shore wins face-off versus Andrew Poturalski in Icehogs zone.
6:09 of 2nd period - Jeremy Davies is hit by Connor Hurley and loses puck.
7:37 of 2nd period - Ross Johnston is hit by Logan Stanley and loses puck.
8:30 of 2nd period - Icing by Mikhail Grigorenko.
8:31 of 2nd period - Ryan McLeod wins face-off versus Andrew Poturalski in Icehogs zone.
9:27 of 2nd period - Snap shot by Martin Frk.
9:27 of 2nd period - Shot Misses the Net.
10:03 of 2nd period - Wrist shot by Trevor Zegras.
10:03 of 2nd period - Stopped by Stuart Skinner with a rebound.
10:29 of 2nd period - Snap shot by Cody Glass.
10:29 of 2nd period - Shot Misses the Net.
10:43 of 2nd period - Mitchell Chaffee is hit by Adam Erne and loses puck.
10:54 of 2nd period - Ryan McLeod is hit by Gabriel Fortier and loses puck.
11:11 of 2nd period - Hudson Fasching is hit by Jordan Subban and loses puck.
11:38 of 2nd period - Patrick Sieloff is hit by Adam Erne and loses puck.
11:53 of 2nd period - Icing by Martin Frk.
11:54 of 2nd period - Andrew Poturalski wins face-off versus Nick Shore in Condors zone.
12:47 of 2nd period - Julius Honka is hit by Evan Bouchard and loses puck.
13:47 of 2nd period - Dillon Dube is hit by Alexander Alexeyev.
14:10 of 2nd period - Snap shot by Mikhail Grigorenko.
14:10 of 2nd period - Shot Misses the Net.
14:12 of 2nd period - Wrist shot by Mikhail Grigorenko.
14:12 of 2nd period - Shot Misses the Net.
14:24 of 2nd period - Hudson Fasching is hit by Tyson Jost and loses puck.
14:29 of 2nd period - Slapshot by Tyson Jost.
14:29 of 2nd period - Stopped by Mackenzie Blackwood with a rebound.
14:31 of 2nd period - Snap shot by Adam Erne.
14:31 of 2nd period - Goal by Adam Erne - Icehogs : 0 - Condors : 3.
14:32 of 2nd period - Tyson Jost wins face-off versus Dillon Dube in neutral zone.
14:39 of 2nd period - Slapshot by Patrick Sieloff.
14:39 of 2nd period - Stopped by Stuart Skinner with a rebound.
14:43 of 2nd period - Slapshot by Hudson Fasching.
14:43 of 2nd period - Shot Misses the Net.
14:47 of 2nd period - Snap shot by Hudson Fasching.
14:47 of 2nd period - Shot Misses the Net.
15:06 of 2nd period - Snap shot by Andrew Poturalski.
15:06 of 2nd period - Stopped by Stuart Skinner with a rebound.
15:16 of 2nd period - Nikita Okhotyuk is hit by Cody Glass and loses puck.
16:02 of 2nd period - Mikhail Grigorenko is hit by Martin Frk and loses puck.
16:11 of 2nd period - Minor Penalty to Jeremy Davies for Tripping.
16:12 of 2nd period - Nick Shore wins face-off versus Dillon Dube in Icehogs zone.
16:15 of 2nd period - Snap shot by Martin Frk.
16:15 of 2nd period - Shot Blocked by Julius Honka.
16:17 of 2nd period - Snap shot by Evan Bouchard.
16:17 of 2nd period - Deflect By Martin Frk.
16:17 of 2nd period - Shot Misses the Net.
16:17 of 2nd period - Puck is out of play.
16:18 of 2nd period - Nick Shore wins face-off versus Dillon Dube in Icehogs zone.
16:24 of 2nd period - Wrist shot by Adam Erne.
16:24 of 2nd period - Goal by Adam Erne - Icehogs : 0 - Condors : 4.
16:24 of 2nd period - Oscar Dansk enters game.
16:25 of 2nd period - Dillon Dube wins face-off versus Tyson Jost in neutral zone.
16:47 of 2nd period - Minor Penalty to Adam Erne for Hooking.
16:48 of 2nd period - Nick Shore wins face-off versus Dillon Dube in Condors zone.
17:13 of 2nd period - JJ. Piccinich is hit by Nick Shore and loses puck.
18:47 of 2nd period - Penalty to Adam Erne is over, Adam Erne is back on ice.
18:52 of 2nd period - Off-side.
18:53 of 2nd period - Tyson Jost wins face-off versus Ben Johnson in neutral zone.
18:56 of 2nd period - Ben Johnson is hit by Yegor Sharangovich.
19:06 of 2nd period - Slapshot by Declan Chisholm.
19:06 of 2nd period - Shot Misses the Net.
19:08 of 2nd period - Snap shot by Ross Johnston.
19:08 of 2nd period - Shot Blocked by Nikolai Knyzhov.
19:25 of 2nd period - Gabriel Fortier is hit by Jordan Spence and loses puck.
19:57 of 2nd period - Klim Kostin is hit by Hudson Fasching and loses puck.
Goals for this period are 0 for Icehogs vs 4 for Condors.
Shots for this period are 9 for Icehogs vs 6 for Condors.
3rd period
0:01 of 3rd period - Dillon Dube wins face-off versus Tyson Jost in neutral zone.
0:06 of 3rd period - Tyson Jost is hit by Trevor Zegras.
0:55 of 3rd period - Wrist shot by Cody Glass.
0:55 of 3rd period - Stopped by Oscar Dansk without a rebound.
0:56 of 3rd period - Dillon Dube wins face-off versus Tyson Jost in Icehogs zone.
1:03 of 3rd period - Jordan Spence is hit by Hudson Fasching and loses puck.
1:31 of 3rd period - Wrist shot by Tyson Jost.
1:31 of 3rd period - Stopped by Oscar Dansk with a rebound.
1:33 of 3rd period - Slapshot by Yegor Sharangovich.
1:33 of 3rd period - Stopped by Oscar Dansk without a rebound.
1:34 of 3rd period - Nick Shore wins face-off versus Dillon Dube in Icehogs zone.
1:35 of 3rd period - Slapshot by Martin Frk.
1:35 of 3rd period - Deflect By Klim Kostin.
1:35 of 3rd period - Shot Misses the Net.
1:35 of 3rd period - Puck is out of play.
1:36 of 3rd period - Dillon Dube wins face-off versus Nick Shore in Icehogs zone.
1:50 of 3rd period - Snap shot by Trevor Zegras.
1:50 of 3rd period - Deflect By Dillon Dube.
1:50 of 3rd period - Goal by Dillon Dube - Icehogs : 1 - Condors : 4.
1:51 of 3rd period - Tyson Jost wins face-off versus Dillon Dube in neutral zone.
2:18 of 3rd period - Minor Penalty to Mikhail Grigorenko for Tripping.
2:19 of 3rd period - Nick Shore wins face-off versus Trevor Zegras in Icehogs zone.
2:21 of 3rd period - Snap shot by Martin Frk.
2:21 of 3rd period - Shot Misses the Net.
2:41 of 3rd period - Minor Penalty to Patrick Sieloff for Tripping.
2:42 of 3rd period - Nick Shore wins face-off versus Dillon Dube in Icehogs zone.
2:51 of 3rd period - Snap shot by Martin Frk.
2:51 of 3rd period - Goal by Martin Frk - Icehogs : 1 - Condors : 5.
2:52 of 3rd period - Nick Shore wins face-off versus Dillon Dube in neutral zone.
2:56 of 3rd period - Off-side.
2:57 of 3rd period - Dillon Dube wins face-off versus Nick Shore in neutral zone.
3:00 of 3rd period - Logan Stanley is hit by Mikhail Grigorenko and loses puck.
4:41 of 3rd period - Penalty to Patrick Sieloff is over, Patrick Sieloff is back on ice.
4:53 of 3rd period - Snap shot by Taro Hirose.
4:53 of 3rd period - Stopped by Oscar Dansk without a rebound.
4:54 of 3rd period - Connor Hurley wins face-off versus Maxim Letunov in Icehogs zone.
5:27 of 3rd period - Connor Hurley is hit by Mikhail Grigorenko and loses puck.
6:02 of 3rd period - Snap shot by Cody Glass.
6:02 of 3rd period - Stopped by Oscar Dansk with a rebound.
6:04 of 3rd period - Slapshot by Jordan Spence.
6:04 of 3rd period - Stopped by Oscar Dansk without a rebound.
6:05 of 3rd period - Dillon Dube wins face-off versus Tyson Jost in Icehogs zone.
6:05 of 3rd period - Dillon Dube is hit by Yegor Sharangovich.
6:16 of 3rd period - Julius Honka is hit by Nikolai Knyzhov and loses puck.
6:28 of 3rd period - Icing by Nikolai Knyzhov.
6:29 of 3rd period - Andrew Poturalski wins face-off versus Tyson Jost in Condors zone.
6:38 of 3rd period - Slapshot by Jordan Spence.
6:38 of 3rd period - Stopped by Oscar Dansk with a rebound.
6:40 of 3rd period - Slapshot by Jordan Spence.
6:40 of 3rd period - Goal by Jordan Spence - Icehogs : 1 - Condors : 6.
6:41 of 3rd period - Tyson Jost wins face-off versus Dillon Dube in neutral zone.
7:10 of 3rd period - Wrist shot by Nick Shore.
7:10 of 3rd period - Stopped by Oscar Dansk without a rebound.
7:11 of 3rd period - Martin Frk wins face-off versus Andrew Poturalski in Icehogs zone.
7:16 of 3rd period - Snap shot by Martin Frk.
7:16 of 3rd period - Shot Blocked by Andrew Poturalski.
8:20 of 3rd period - Slapshot by Adam Erne.
8:20 of 3rd period - Stopped by Oscar Dansk without a rebound.
8:21 of 3rd period - Tyson Jost wins face-off versus Andrew Poturalski in Icehogs zone.
9:02 of 3rd period - Julius Honka is hit by Alexander Alexeyev and loses puck.
9:12 of 3rd period - Patrick Sieloff is hit by Ryan McLeod and loses puck.
9:15 of 3rd period - Snap shot by Mitchell Chaffee.
9:15 of 3rd period - Stopped by Stuart Skinner with a rebound.
9:17 of 3rd period - Wrist shot by Ross Johnston.
9:17 of 3rd period - Stopped by Stuart Skinner without a rebound.
9:18 of 3rd period - Tyson Jost wins face-off versus Ben Johnson in Condors zone.
9:33 of 3rd period - Slapshot by Adam Erne.
9:33 of 3rd period - Stopped by Oscar Dansk with a rebound.
10:23 of 3rd period - Icing by Cody Glass.
10:24 of 3rd period - Connor Hurley wins face-off versus Maxim Letunov in Condors zone.
11:33 of 3rd period - Alexander Alexeyev is hit by Mitchell Chaffee and loses puck.
11:38 of 3rd period - Wrist shot by Ben Johnson.
11:38 of 3rd period - Stopped by Stuart Skinner without a rebound.
11:39 of 3rd period - Nick Shore wins face-off versus Ben Johnson in Condors zone.
11:44 of 3rd period - Wrist shot by Nick Shore.
11:44 of 3rd period - Stopped by Oscar Dansk with a rebound.
12:10 of 3rd period - Wrist shot by Adam Erne.
12:10 of 3rd period - Stopped by Oscar Dansk with a rebound.
12:32 of 3rd period - Snap shot by Taro Hirose.
12:32 of 3rd period - Stopped by Oscar Dansk without a rebound.
12:33 of 3rd period - Connor Hurley wins face-off versus Andrew Poturalski in Icehogs zone.
12:43 of 3rd period - Backhand shot by Taro Hirose.
12:43 of 3rd period - Goal by Taro Hirose - Icehogs : 1 - Condors : 7.
12:44 of 3rd period - Tyson Jost wins face-off versus Dillon Dube in neutral zone.
12:55 of 3rd period - Slapshot by Adam Erne.
12:55 of 3rd period - Shot Misses the Net.
12:57 of 3rd period - Minor Penalty to Trevor Zegras for Roughing.
12:58 of 3rd period - Nick Shore wins face-off versus Dillon Dube in Icehogs zone.
13:31 of 3rd period - Julius Honka is hit by Yegor Sharangovich and loses puck.
13:49 of 3rd period - Off-side.
13:50 of 3rd period - Dillon Dube wins face-off versus Tyson Jost in neutral zone.
14:15 of 3rd period - Slapshot by Alexander Alexeyev.
14:15 of 3rd period - Shot Misses the Net.
14:17 of 3rd period - Snap shot by Nick Shore.
14:17 of 3rd period - Shot Misses the Net.
14:19 of 3rd period - Wrist shot by Nick Shore.
14:19 of 3rd period - Stopped by Oscar Dansk with a rebound.
14:21 of 3rd period - Slapshot by Jordan Subban.
14:21 of 3rd period - Shot Blocked by Jeremy Davies.
14:25 of 3rd period - Backhand shot by Adam Erne.
14:25 of 3rd period - Goal by Adam Erne - Icehogs : 1 - Condors : 8.
14:26 of 3rd period - Dillon Dube wins face-off versus Tyson Jost in neutral zone.
14:33 of 3rd period - Wrist shot by Hudson Fasching.
14:33 of 3rd period - Shot Misses the Net.
14:35 of 3rd period - Slapshot by Dillon Dube.
14:35 of 3rd period - Shot Misses the Net.
14:37 of 3rd period - Snap shot by Dillon Dube.
14:37 of 3rd period - Shot Blocked by Tyson Jost.
14:39 of 3rd period - Slapshot by Hudson Fasching.
14:39 of 3rd period - Stopped by Stuart Skinner with a rebound.
14:41 of 3rd period - Snap shot by Dillon Dube.
14:41 of 3rd period - Stopped by Stuart Skinner without a rebound.
14:42 of 3rd period - Andrew Poturalski wins face-off versus Nick Shore in Condors zone.
14:53 of 3rd period - Snap shot by Nick Shore.
14:53 of 3rd period - Shot Misses the Net.
15:07 of 3rd period - Logan Stanley is hit by Dillon Dube and loses puck.
16:14 of 3rd period - Wrist shot by Adam Erne.
16:14 of 3rd period - Shot Misses the Net.
16:34 of 3rd period - Slapshot by Evan Bouchard.
16:34 of 3rd period - Stopped by Oscar Dansk with a rebound.
17:20 of 3rd period - Backhand shot by Trevor Zegras.
17:20 of 3rd period - Stopped by Stuart Skinner with a rebound.
17:22 of 3rd period - Slapshot by Jeremy Davies.
17:22 of 3rd period - Deflect By Dillon Dube.
17:22 of 3rd period - Stopped by Stuart Skinner with a rebound.
17:24 of 3rd period - Slapshot by Jeremy Davies.
17:24 of 3rd period - Shot Blocked by Tyson Jost.
17:44 of 3rd period - Jordan Spence is hit by Zach Whitecloud and loses puck.
18:09 of 3rd period - Yegor Sharangovich is hit by Dillon Dube and loses puck.
18:16 of 3rd period - Wrist shot by Dillon Dube.
18:16 of 3rd period - Shot Misses the Net.
18:43 of 3rd period - Zach Whitecloud is hit by Ryan McLeod and loses puck.
19:02 of 3rd period - Snap shot by Nick Shore.
19:02 of 3rd period - Stopped by Oscar Dansk with a rebound.
19:11 of 3rd period - Jeremy Davies is hit by Cody Glass and loses puck.
19:16 of 3rd period - Slapshot by Jeremy Davies.
19:16 of 3rd period - Deflect By JJ. Piccinich.
19:16 of 3rd period - Shot Misses the Net.
19:16 of 3rd period - Puck is out of play.
19:17 of 3rd period - Nick Shore wins face-off versus Andrew Poturalski in Condors zone.
19:17 of 3rd period - Nick Shore is hit by Julius Honka.
19:41 of 3rd period - Mikhail Grigorenko is hit by Cody Glass and loses puck.
Goals for this period are 1 for Icehogs vs 4 for Condors.
Shots for this period are 8 for Icehogs vs 20 for Condors.